 Dungeon Crawl Stone Soup version 0.30-a0-715-gdb4ae3ece1 (webtiles) character file.

Game seed: 8607935635216815718

93 Kuronicle the Insei (level 4, 27/27 HPs)
             Began as an Octopode Monk on Jan 23, 2023.
             Quit the game on level 3 of the Dungeon.
             The game lasted 00:04:09 (2015 turns).

Kuronicle the Insei (Octopode Monk)                 Turns: 2015, Time: 00:04:09

Health: 27/27      AC:  3    Str: 12    XL:     4   Next: 61%
Magic:  4/4        EV: 14    Int: 12    God:
Gold:   155        SH:  0    Dex: 14    Spells: 3/3 levels left

rFire   + . .      SeeInvis .      - Unarmed
rCold   + . .      Faith    .    (no shield)
rNeg    . . .      Spirit   .    d - +2 hat
rPois   +          Reflect  .    (no amulet)
rElec   +          Harm     .    (no ring)
rCorr   +          Rampage  .    (no ring)
Will    .....                    (no ring)
Stlth   +++                      (no ring)
HPRegen 0.24/turn                (no ring)
MPRegen 0.09/turn                (no ring)
                                 (no ring)
                                 (no ring)

@: resistant
A: almost no armour, amphibious, 8 rings, camouflage 1, gelatinous body 1,
(nimble swimmer 1), tentacles, frail 1
a: no special abilities


You were on level 3 of the Dungeon.
You visited 1 branch of the dungeon, and saw 3 of its levels.

You collected 155 gold pieces.

Inventory:

Armour
 d - a +2 hat (worn)
Potions
 a - a potion of ambrosia
 b - 3 potions of curing
 f - 2 potions of brilliance


   Skills:
 * Level 3.4 Fighting
 * Level 3.6 Dodging
 + Level 3.4 Stealth
 * Level 4.2 Unarmed Combat


You had 3 spell levels left.
You didn't know any spells.
Your spell library was empty.

Dungeon Overview and Level Annotations

Branches:
Dungeon (3/15)

Altars:

Shops:
D:1 [


Innate Abilities, Weirdness & Mutations

You cannot wear most types of armour.
You are amphibious.
You can wear up to eight rings at the same time.
Your skin changes colour to match your surroundings (Stealth+).
Your rubbery body absorbs attacks. (AC +1, EV +1)
((You are camouflaged when in or above water. (Stealth+)))
You have tentacles for arms and can constrict up to eight enemies at once.
You are frail. (-10% HP)


Message History

e - a coppery potion You open the door.
There is an open door here.
You open the door.
There is an open door here.
Items here: ))))) [[[.
You open the door.
Found a club.
There is an open door here.
Done exploring.
Done exploring.
Done exploring.
Done exploring.
It was a potion of heal wounds.
You feel much better.
It was a potion of resistance.
You feel protected.
There is a stone staircase leading down here.
You climb downwards.
Found a potion of mutation.
There is a stone staircase leading up here.
Found a potion of curing.
The orc shouts!
An orc comes into view. It is wielding a +0 dagger.
You see here a potion of mutation.
c - a potion of mutation
Found an orange potion.
You see here a potion of curing.
b - 3 potions of curing (gained 1)
You tentacle-slap the orc but do no damage.
Your grab misses the orc. You completely miss the orc.
Your grab misses the orc.
A kobold comes into view. It is wielding a +0 dagger.
The orc barely misses you.
You tentacle-slap the orc. Your grab misses the orc. You squeeze the orc.
You kill the orc!
Things that are here:
a +0 flail; a +0 leather armour You feel extremely strange.
Your iridescent scales disappear.
You feel frail.
Are you sure you want to abandon this character and quit the game? (Confirm with "yes".)

...!.........
#...........##
#.......#....
#.......#...##
###.......#....
..........#..#
#....#....#..##.#.
......K..@........
.##.......########
.................
###.#.#.#.#######
........#...
.......<#.....
#####..##.#####
#.. ... ### #.#


You could see a kobold.

Vanquished Creatures
  3 adders (D:2)
  A dart slug (D:1)
  6 orcs
  5 ball pythons
  5 endoplasms
  3 giant cockroaches (D:1)
  5 goblins
  6 hobgoblins
  4 kobolds
  3 quokkas
  4 bats
  4 frilled lizards
  3 rats
52 creatures vanquished.

Vanquished Creatures (others)
  2 plants (D:1)
2 creatures vanquished.

Grand Total: 54 creatures vanquished

Notes
Turn   | Place    | Note
-------+----------+-------------------------------------------
     0 | D:1      | Kuronicle the Octopode Monk began the quest for the Orb.
     0 | D:1      | Reached XP level 1. HP: 16/16 MP: 1/1
   106 | D:1      | Reached XP level 2. HP: 15/21 MP: 2/2
   140 | D:1      | Found Kaost's Armour Boutique.
   602 | D:1      | Reached XP level 3. HP: 26/26 MP: 3/3
  1147 | D:1      | Gained mutation: You are partially covered in iridescent
                  | scales. (AC +2) [potion of mutation]
  1423 | D:2      | Reached XP level 4. HP: 23/31 MP: 4/4
  1617 | D:2      | Reached skill level 4 in Unarmed Combat
  2014 | D:3      | Lost mutation: You are partially covered in iridescent
                  | scales. (AC +2) [potion of mutation]
  2014 | D:3      | Gained mutation: You are frail. (-10% HP) [potion of
                  | mutation]
  2015 | D:3      | Quit the game

Illustrated notes

Levels and vault maps discovered:
D:1:      amcnicky_arrival_abandoned_market, layout_basic, serial_shops,
          nicolae_shop_advertising_works [nicolae_subvault_shop_adworks],
          serial_forest, infiniplex_forest_straight_3, infiniplex_forest_end_3,
          infiniplex_forest_straight_2, infiniplex_forest_clump_double,
          infiniplex_forest_end_2, infiniplex_forest_clump_double,
          infiniplex_forest_straight_5, infiniplex_forest_lined_room_
D:2:      layout_basic
D:3:      layout_basic, nicolae_dithmenos_shadow_blocks,
          mainiacjoe_overflow_alcove_4, serial_shops, shop_fountains,
          nicolae_shop_stone, nicolae_shop_trees, shop_fountains,
          kennysheep_orc_chapel, uniq_ijyb

Skill      XL: |  1  2  3  4 |
---------------+-------------+-----
Stealth        | 3 |  3.4
Unarmed Combat | 4 |  4.2
Fighting       | |  3.4
Dodging        | |  3.6

Action                     |  1- 3 |  4- 6 || total
---------------------------+-------+-------++-------
  Melee: Unarmed           |    89 |    26 ||   115
         Tentacles         |    22 |     4 ||    26
         Constrict         |    23 |     5 ||    28
         Punch             |     4 |       ||     4
    Use: Scroll            |     4 |     1 ||     5
         Potion            |     1 |     4 ||     5
   Stab: Sleeping          |    10 |     4 ||    14
 Armour: Skin              |    14 |     3 ||    17
  Dodge: Dodged            |    59 |    14 ||    73

Table legend: (Time is in decaauts)
 A = Elapsed time spent in this place.
 B = Non-inter-level travel time spent in this place.
 C = Inter-level travel time spent in this place.
 D = Time resting spent in this place.
 E = Time spent auto-exploring this place.
 F = Levels seen in this place.
 G = Mean time per level.
                   A        B        C        D        E       F      G
               +--------+--------+--------+--------+--------+-----+--------+
         Total |   2006 |   1926 |     80 |      0 |   1361 |   3 |  668.7 |
       Dungeon |   2006 |   1926 |     80 |      0 |   1361 |   3 |  668.7 |
               +--------+--------+--------+--------+--------+-----+--------+

Top non-repeatable levels by time:
     D:1: 1212 daAuts
     D:2: 778 daAuts
     D:3: 15 daAuts
